 Dungeon Crawl Stone Soup version 0.30-a0-726-gd89dcf765f (webtiles) character file.

Game seed: 10681005859899000560

2418854 Flugkiller the Rapturous (level 27, 199/201 HPs)
             Began as an Octopode Hunter on Jan 29, 2023.
             Was a Follower of Uskayaw.
             Escaped with the Orb
             ... and 4 runes!
             The game lasted 02:03:18 (65598 turns).

Flugkiller the Rapturous (Octopode Hunter)         Turns: 65598, Time: 02:03:19

Health: 199/201    AC:  3    Str: 11    XL:     27
Magic:  38/38      EV: 54    Int: 19    God:    Uskayaw [*.....]
Gold:   3520       SH: 31    Dex: 37    Spells: 30/40 levels left

rFire   + + +      SeeInvis +    b - +9 double sword (vamp)
rCold   + + .      Faith    .    Z - +5 kite shield {rPois}
rNeg    + + .      Spirit   +    O - +0 mask of the Dragon {Will+ Slay+3 SInv}
rPois   +          Reflect  .    o - brooch of Shielding {Spirit SH+8}
rElec   +          Harm     .    H - ring "Yrylaime" {Fly rF+++ rC+}
rCorr   .          Rampage  .    C - +5 ring of evasion
Will    ++++.                    j - +4 ring of slaying
Stlth   ++++                     m - ring of willpower
HPRegen 0.53/turn                W - +6 ring of dexterity
MPRegen 0.26/turn                U - +5 ring of evasion
                                 P - +6 ring of dexterity
                                 y - ring "Wuell" {rElec rC+ rN++ Int+4}

@: flying
A: almost no armour, amphibious, 8 rings, camouflage 1, gelatinous body 1,
(nimble swimmer 1), tentacles, iridescent scales 1, screaming 1, no potion heal
1, subdued magic 1
0: Orb of Zot
}: 4/15 runes: serpentine, barnacled, silver, abyssal
a: Renounce Religion, Stomp


You escaped.
You worshipped Uskayaw.
Uskayaw was greatly pleased with you.
You visited 9 branches of the dungeon, and saw 45 of its levels.
You visited the Abyss 4 times.
You also visited: Ice Cave.

You collected 10745 gold pieces.
You spent 7225 gold pieces at shops.

Inventory:

Hand Weapons
 a - a +2 dagger of speed
   (You took it off a wizard on level 3 of the Vaults)
 b - a +9 vampiric double sword (weapon)
   (You found it on level 4 of the Shoals)
Missiles
 B - 29 curare-tipped darts (quivered)
 K - 2 throwing nets
Armour
 r - the +7 tower shield "Diptinu" {-Cast Rampage rElec rPois}
   (You took it off a daeva on level 2 of the Abyss)

   rElec:     It insulates you from electricity.
   rPois:     It protects you from poison.
   -Cast:     It prevents spellcasting.
   Rampage:   It bestows one free step when moving towards enemies.
 O - the +0 mask of the Dragon (worn) {Will+ Slay+3 SInv}
   (You bought it in a shop on level 1 of the Shoals)

   Slay:      It affects your accuracy & damage with ranged weapons and melee
   (+3).
   SInv:      It lets you see invisible.
   Will:      It increases your willpower.
 Z - a +5 kite shield of poison resistance (worn)
   (You took it off a naga warrior on level 3 of the Snake Pit)
Jewellery
 c - the ring of Xom's Passing Interest {Wiz rF+ Stlth+}
   (You found it on level 5 of the Vaults)

   [ring of wizardry]

   It improves your spell success rate.
   rF:        It protects you from fire.
   Stlth:     It makes you more stealthy.
 i - a +5 ring of evasion
   (You took it off a vault guard on level 5 of the Vaults)
 j - a +4 ring of slaying (on tentacle)
   (You bought it in a shop on level 2 of the Snake Pit)
 m - a ring of willpower (on tentacle)
   (You found it on level 8 of the Dungeon)
 o - the brooch of Shielding (around mantle) {Spirit SH+8}
   (You bought it in a shop on level 2 of the Dungeon)

   [amulet of guardian spirit]

   It causes incoming damage to be divided between your reserves of health and
   magic.
   SH:        It affects your SH (+8).
 p - a ring of protection from fire
   (You bought it in a shop on level 2 of the Orcish Mines)
 v - a +5 ring of evasion
   (You found it on level 1 of the Dungeon)
 y - the ring "Wuell" (on tentacle) {rElec rC+ rN++ Int+4}
   (You bought it in a shop on level 2 of the Snake Pit)

   [ring of protection from cold]

   Int:       It affects your intelligence (+4).
   rC:        It protects you from cold.
   rElec:     It insulates you from electricity.
   rN:        It greatly protects you from negative energy.
 C - a +5 ring of evasion (right tentacle)
   (You bought it in a shop on level 2 of the Dungeon)
 H - the ring "Yrylaime" (left tentacle) {Fly rF+++ rC+}
   (You acquired it on level 2 of the Realm of Zot)

   [ring of flight]

   rF:        It renders you almost immune to fire.
   rC:        It protects you from cold.
   Fly:       It grants you flight.
 P - a +6 ring of dexterity (on tentacle)
   (You bought it in a shop on level 2 of the Dungeon)
 U - a +5 ring of evasion (on tentacle)
   (You found it on level 12 of the Dungeon)
 W - a +6 ring of dexterity (on tentacle)
   (You bought it in a shop on level 2 of the Orcish Mines)
Wands
 g - a wand of roots (24)
   (You found it on level 4 of the Dungeon)
 E - a wand of light (17)
   (You found it on level 8 of the Dungeon)
 F - a wand of charming (50)
   (You found it on level 11 of the Dungeon)
 I - a wand of mindburst (17)
   (You found it on level 3 of the Snake Pit)
 M - a wand of digging (12)
   (You found it on level 10 of the Dungeon)
Scrolls
 e - 7 scrolls of torment
 f - 8 scrolls of vulnerability
 l - 8 scrolls of butterflies
 t - 12 scrolls of teleportation
 z - 3 scrolls of blinking
 A - 10 scrolls of magic mapping
 J - 10 scrolls of poison
 L - 14 scrolls of fear
 Q - 4 scrolls of silence
 V - a scroll of fog
 X - 6 scrolls of immolation
Potions
 d - 3 potions of might
 h - 2 potions of haste
 k - 5 potions of mutation
 n - a potion of resistance
 q - 15 potions of curing
 s - 13 potions of lignification
 u - 2 potions of invisibility
 x - 5 potions of magic
 G - 15 potions of brilliance
 N - 2 potions of cancellation
 S - 5 potions of berserk rage
 T - a potion of ambrosia
 Y - 9 potions of attraction
Miscellaneous
 D - a box of beasts
   (You found it on level 1 of the Vaults)
 R - a condenser vane
   (You found it on level 5 of the Lair of Beasts)


   Skills:
 - Level 20.0 Fighting
 - Level 16.0 Long Blades
 - Level 6.0 Ranged Weapons
 - Level 22.0 Dodging
 - Level 20.0 Stealth
 - Level 15.0 Shields
 - Level 7.0 Spellcasting
 - Level 12.0 Conjurations
 - Level 10.0 Necromancy
 - Level 12.0 Transmutations
 - Level 14.0 Earth Magic
 + Level 23.1 Invocations
 - Level 12.0 Evocations


You had 30 spell levels left.
You knew the following spells:

 Your Spells              Type           Power      Damage    Failure   Level
a - Borgnjor's Vile Clut  Necr/Erth      20%        N/A       2%          5
i - Irradiate             Conj/Tmut      20%        3d18      2%          5

Your spell library contained the following spells:

 Spells                   Type           Power      Damage    Failure   Level
 Foxfire                  Conj/Fire      88%        2x1d8     1%          1
 Kiss of Death            Conj/Necr      100%       2d13      1%          1
 Sandblast                Erth           92%        2d19      1%          1
 Momentum Strike          Conj/Tloc      44%        3d9       1%          2
 Passwall                 Tmut/Erth      35%        N/A       1%          2
 Stone Arrow              Conj/Erth      86%        3d12      1%          3
 Dispel Undead            Necr           34%        3d15      1%          4
 Lee's Rapid Deconstruct  Erth           23%        3d13*     1%          5
 Blade Hands              Tmut           20%        N/A       2%          5
 Iskenderun's Battlesphe  Conj           40%        2d9       2%          5
 Dazzling Flash           Conj/Hex       44%        N/A       3%          3
 Hailstorm                Conj/Ice       22%        3d7       3%          3
 Spider Form              Tmut/Pois      22%        N/A       3%          3
 Cigotuvi's Dreadful Rot  Necr/Pois/Air  28%        N/A       5%          2
 Ignite Poison            Fire/Tmut/Pois 16%        N/A       8%          3
 Mephitic Cloud           Conj/Pois/Air  16%        N/A       8%          3
 Iron Shot                Conj/Erth      21%        9d5       11%         6
 Statue Form              Tmut/Erth      28%        N/A       11%         6
 Flame Wave               Conj/Fire      22%        2d8       12%         4
 Ice Form                 Ice/Tmut       22%        N/A       12%         4
 Iskenderun's Mystic Bla  Conj/Tloc      22%        2d6       12%         4
 Sticky Flame             Conj/Fire      22%        2d4       12%         4
 Apportation              Tloc           10%        N/A       14%         1
 Blink                    Tloc           10%        N/A       22%         2
 Ensorcelled Hibernation  Hex/Ice        10%        N/A       22%         2
 Lesser Beckoning         Tloc           10%        N/A       22%         2
 Scorch                   Fire           10%        2d6       22%         2
 Alistair's Intoxication  Tmut/Pois      14%        N/A       34%         5
 Arcjolt                  Conj/Air       11%        1d21      34%         5
 Fireball                 Conj/Fire      11%        3d7       34%         5
 Death Channel            Necr           17%        N/A       36%         6
 Confusing Touch          Hex            5%         N/A       41%         3
 Frozen Ramparts          Ice            10%        1d2       41%         3
 Gell's Gravitas          Tloc           5%         N/A       41%         3
 Inner Flame              Hex/Fire       5%         N/A       41%         3
 Kindle Blastsparks       Fire/Tloc/Air  10%        2d10      41%         3
 Ozocubu's Armour         Ice            5%         N/A       41%         3
 Portal Projectile        Hex/Tloc       10%        N/A       41%         3
 Swiftness                Air            5%         N/A       41%         3
 Tukima's Dance           Hex            5%         N/A       41%         3
 Vhi's Electric Charge    Tloc/Air       10%        N/A       41%         3
 Freezing Cloud           Conj/Ice/Air   8%         6-21      63%         5
 Dragon Form              Tmut           20%        N/A       67%         7
 Orb of Destruction       Conj           20%        9d8       67%         7
 Manifold Assault         Tloc           5%         N/A       83%         4
 Olgreb's Toxic Radiance  Pois           5%         N/A       83%         4
 Passage of Golubria      Tloc           5%         N/A       83%         4
 Summon Ice Beast         Ice/Summ       5%         N/A       83%         4
 Summon Lightning Spire   Summ/Air       5%         N/A       83%         4
 Conjure Ball Lightning   Conj/Air       11%        3x3d6     90%         6
 Eringya's Noxious Bog    Tmut/Pois      11%        N/A       90%         6
 Starburst                Conj/Fire      11%        6d5       90%         6
 Simulacrum               Ice/Necr       9%         N/A       97%         6
 Metabolic Englaciation   Hex/Ice        2%         N/A       99%         5
 Silence                  Hex/Air        2%         N/A       99%         5
 Summon Mana Viper        Hex/Summ       5%         N/A       99%         5
 Lehudib's Crystal Spear  Conj/Erth      21%        10d6      99%         8
 Summon Cactus Giant      Summ           2%         N/A       100%        6
 Monstrous Menagerie      Summ           2%         N/A       100%        7
 Storm Form               Tmut/Air       11%        N/A       100%        7
 Discord                  Hex            2%         N/A       100%        8
 Disjunction              Tloc           2%         N/A       100%        8
 Ignition                 Fire           2%         3d3       100%        8
 Maxwell's Capacitive Co  Air            2%         ∞         100%        8
 Polar Vortex             Ice            2%         N/A       100%        9


Dungeon Overview and Level Annotations

Branches:
Dungeon (15/15)            Temple (1/1) D:5            Lair (5/5) D:9
 Shoals (4/4) Lair:3        Snake (4/4) Lair:2        Slime (0/5) Lair:5
    Orc (2/2) D:10            Elf (0/3) Orc:2        Vaults (5/5) D:13
  Crypt (0/3) Vaults:2     Depths (4/4) D:15            Zot (5/5) Depths:4
  IceCv (visited)

Altars:
Ashenzari
Cheibriados
Dithmenos
Elyvilon
Fedhas
Gozag
Hepliaklqana
Kikubaaqudgha
Makhleb
Nemelex Xobeh
Okawaru
Qazlal
Ru
Sif Muna
Trog
Uskayaw
Vehumet
Wu Jian
Xom
Yredelemnul
Zin
The Shining One
Jiyva

Shops:
D:2 ?[=   D:10 :   Orc:1 *   Orc:2 =([=*   Shoals:1 (:[   Shoals:2 (
Snake:1 *   Snake:2 =   Snake:3 **   Snake:4 ?:==   Vaults:1 *

Portals:
Hell: Depths:1 Depths:2 Depths:3 Depths:4
Abyss: Depths:2 Depths:3 Depths:4
Pandemonium: Depths:2
Ziggurat: Depths:2

Annotations:
D:14 exclusion: death knight
D:15 exclusion: boulder beetle, Rupert
Orc:1 3 runed translucent doors, Pemick's ghost, journeyman MiFi
Zot:4 2 transporters, Jitzoag's ghost, legendary GnTm


Innate Abilities, Weirdness & Mutations

You cannot wear most types of armour.
You are amphibious.
You can wear up to eight rings at the same time.
Your skin changes colour to match your surroundings (Stealth+).
Your rubbery body absorbs attacks. (AC +1, EV +1)
((You are camouflaged when in or above water. (Stealth+)))
You have tentacles for arms and can constrict up to eight enemies at once.
You are partially covered in iridescent scales. (AC +2)
You occasionally shout uncontrollably at your foes.
Potions are less effective at restoring your health.
Your spells are a little easier to cast, but a little less powerful.


Message History

You are confused.
Your system partially rejects the healing.
You feel invigorated.
You can no longer pass through a line of other dancers.
Unknown command.
You feel less invigorated.
You feel less confused.
You fly upwards.
There is a stone staircase leading down here.
(D) Dungeon (T) Temple (L) Lair (A) Shoals (P) Snake Pit (M) Slime Pits (O) Orcish Mines (E) Elven Halls (V) Vaults (C) Crypt (U) Depths (H) Hell (Z) Zot
Where to? (Enter - D:1 @ (x,y), ? - help)
A smoke demon comes into view.
You yell at the smoke demon!
The smoke demon moves out of view.
There is an escape hatch in the ceiling here.
A mysterious force pulls you upwards. The hatch slams shut behind you.
(D) Dungeon (T) Temple (L) Lair (A) Shoals (P) Snake Pit (M) Slime Pits (O) Orcish Mines (E) Elven Halls (V) Vaults (C) Crypt (U) Depths (H) Hell (Z) Zot
Where to? (Enter - D:1 @ (x,y), ? - help)
You see here a +0 leather armour.
You see here a +0 giant club.
Things that are here:
a +0 leather armour; a +0 falchion A reaper comes into view.
It is wielding a +1 scythe of pain.
There is a stone staircase leading up here.
You fly upwards.
There is a stone staircase leading down here.
(D) Dungeon (T) Temple (L) Lair (A) Shoals (P) Snake Pit (M) Slime Pits (O) Orcish Mines (E) Elven Halls (V) Vaults (C) Crypt (U) Depths (H) Hell (Z) Zot
Where to? (Enter - D:1 @ (x,y), ? - help)
There is a stone staircase leading up here.
You fly upwards.
There is a stone staircase leading down here.
You see here a +0 hand axe.
HP restored.
There is a stone staircase leading up here.
You fly upwards.
There is a stone staircase leading down here.
An Executioner and 2 large abominations come into view.
You slash the Executioner! You squeeze the Executioner.
The Executioner is moderately wounded.
You barely miss the Executioner. You squeeze the Executioner!
The Executioner is moderately wounded.
The Executioner gestures.
The Executioner seems to speed up.
You slice the Executioner!!
The Executioner is severely wounded.
The Executioner hits you but does no damage.
You block the Executioner's attack. The Executioner completely misses you.
The Executioner hits you! You block the Executioner's attack. x2
You can now pass through a line of other dancers.
You closely miss the Executioner. Your squeeze misses the Executioner.
The Executioner is severely wounded.
You block the Executioner's attack. x3; The Executioner hits you.
The Executioner hits you!
The Executioner hits you but does no damage.
You slice the Executioner like a ripe choko!!!
You kill the Executioner!
You block the large abomination's attack.
You slice the large abomination!!
The large abomination is moderately damaged.
You block the large abomination's attack.
You carve the large abomination like a ham!!!
You destroy the large abomination!
You block the large abomination's attack.
Uskayaw will force your foes to helplessly watch your dance.
Uskayaw prepares the audience for your solo!
The helpless large abomination fails to defend itself.
You slash the large abomination!
The large abomination is moderately damaged.
The helpless large abomination fails to defend itself.
You slice the large abomination like a ripe choko!!!
You destroy the large abomination!
No target in view!
No target in view!
(D) Dungeon (T) Temple (L) Lair (A) Shoals (P) Snake Pit (M) Slime Pits (O) Orcish Mines (E) Elven Halls (V) Vaults (C) Crypt (U) Depths (H) Hell (Z) Zot
Where to? (Enter - D:1 @ (x,y), ? - help)
A rust devil comes into view.
There is a stone staircase leading up here.
You fly upwards.
You can no longer pass through a line of other dancers.
There is a stone staircase leading down here.
(D) Dungeon (T) Temple (L) Lair (A) Shoals (P) Snake Pit (M) Slime Pits (O) Orcish Mines (E) Elven Halls (V) Vaults (C) Crypt (U) Depths (H) Hell (Z) Zot
Where to? (Enter - D:1 @ (x,y), ? - help)
There is a staircase leading out of the dungeon here.
Enter note: gg You have escaped!

###.......###.#.####.# #
####..#########################
#......≈≈≈≈.##..≈≈#.#.#....#.
#...###≈>...##.#.....#..#..#.
#...# #.≈...##.####..#####.#. #
#...# ######..#.#.###.#.#.##. #
#...# ####§≈##.#..≈#.#.#.#.
#####)..#####.##....###.####≈#≈#.
........>..#.#)#@...####.#.##.##.
...........#.#.######..#.#...###.
...........###.#..#...#.#..##....
#####...#######.##.####.##..≈###.
........## #.##.≈##...###.≈.§##.
.###.....# #.#..#..###.#..#..##.
.###.###.# ##.##..##..##...##...
.##..# #.### #.#################.
.##..###...# #.#.# #........


There were no monsters in sight!

Vanquished Creatures
  4 ancient liches
  4 dread liches
  4 orbs of fire
  Mara (Snake:4)
  Mennas (Depths:3)
  Sojobo (Depths:1)
  Vv (Zot:4)
  Parghit (Depths:3)
  Bai Suzhen (Depths:1)
  Xtahua (Depths:4)
  8 Killer Klowns
  Saint Roka (Orc:2)
  3 curse toes
  7 golden dragons
  Jory (Depths:3)
  3 profane servitors
  6 bone dragons
  5 electric golems
  A Brimstone Fiend (D:11)
  An Ice Fiend (Depths:3)
  13 tentacled monstrosities
  8 liches
  25 Orb Guardians
  10 quicksilver dragons
  7 titans (Vaults:5)
  A kraken (Shoals:3)
  An Executioner (D:2)
  A walking frostbound tome (Depths:4)
  7 death cobs
  9 sphinxes
  Kirke (Snake:2)
  14 tentacled starspawn
  11 tengu reavers
  10 shadow dragons
  12 storm dragons
  Ilsuiw (Shoals:4)
  8 nagarajas
  6 draconian monks
  A daeva (Abyss:2)
  A revenant (Vaults:2)
  A fenstrider witch (Shoals:1)
  10 frost giants
  16 fire giants
  3 draconian knights
  2 azure jellies (Depths:3)
  3 deep elf sorcerers
  3 iron dragons
  A ghost moth (Zot:3)
  19 vault wardens
  8 draconian shifters
  A deep elf elementalist (Abyss:2)
  7 draconian scorchers
  4 orc warlords
  Aizul (Snake:2)
  An angel (Abyss:2)
  A ghoul (Vaults:2)
  4 draconian stormcallers
  2 spriggan defenders
  16 stone giants
  3 reapers (Abyss:2)
  4 draconian annihilators
  3 ironbound thunderhulks
  26 ironbound preservers
  2 war gargoyles
  32 very ugly things
  A vampire knight (Depths:2)
  A starflower (Abyss:3)
  A deep elf demonologist (Vaults:3)
  12 green draconians
  2 deep elf annihilators
  8 yellow draconians
  7 dire elephants
  A lorocyproca (D:7)
  5 black draconians
  7 spark wasps
  11 purple draconians
  9 red draconians
  9 white draconians
  2 deep elf death magi (Vaults:5)
  5 merfolk javelineers
  3 eidola
  A crystal guardian (Vaults:3)
  5 merfolk impalers
  3 blizzard demons
  8 fire dragons
  16 ettins
  7 great orbs of eyes
  3 entropy weavers
  19 yaktaur captains
  A deep elf high priest (Vaults:1)
  Harold (Lair:1)
  4 ice dragons
  Fannar (Lair:2)
  2 hell beasts
  A caustic shrike simulacrum (IceCv)
  3 salamander tyrants
  2 peacekeepers
  A juggernaut simulacrum (Depths:1)
  34 vault guards
  6 rakshasas
  5 hydras
  9 ogre magi
  6 boulder beetles
  11 ironbound frosthearts
  10 two-headed ogres
  A death knight (Depths:4)
  5 merfolk aquamancers (Shoals:4)
  2 spriggan air magi
  6 merfolk avatars
  6 anacondas
  3 alligator snapping turtles
  7 catoblepae
  Erica (D:9)
  9 centaur warriors
  8 deep troll shamans
  A satyr (Shoals:4)
  Urug (Orc:2)
  8 death yaks
  11 deep troll earth magi
  13 naga warriors
  An orc high priest (Orc:2)
  A vampire mage (Depths:3)
  12 naga sharpshooters
  3 tengu warriors
  10 thrashing horrors
  6 spriggan berserkers
  5 shock serpents
  2 sun demons (Abyss:2)
  4 hell hogs
  A storm dragon zombie (Depths:2)
  A titan skeleton (Depths:1)
  A fire crab (Depths:3)
  A fire crab (shapeshifter) (Vaults:5)
  7 salamander mystics
  6 sixfirhies
  6 skeletal warriors
  A shadow wraith (Abyss:2)
  11 wretched stars
  7 iron trolls
  A cherub (D:13)
  A spatial maelstrom (Abyss:3)
  A spark wasp zombie (D:15)
  89 deep trolls
  4 naga ritualists
  A death drake (Depths:3)
  7 sea snakes
  2 flayed ghosts
  2 orange crystal statues (IceCv)
  An orb spider (Abyss:2)
  A kraken simulacrum (Shoals:4)
  13 wizards
  A sphinx zombie (Depths:2)
  6 lindwurms
  4 mana vipers
  A tengu zombie (Depths:1)
  8 harpies
  15 orc knights
  A wolf spider (Depths:3)
  A wolf spider (shapeshifter) (Vaults:5)
  Pikel (D:5)
  34 ugly things
  15 ironbound convokers
  6 necromancers
  9 phantasmal warriors
  4 deep elf pyromancers
  3 orc sorcerers
  10 manticores
  9 fauns
  4 cyclopes
  A stone giant zombie (Depths:1)
  A shining eye (Abyss:2)
  A sphinx skeleton (Depths:2)
  A shining eye (shapeshifter) (Vaults:5)
  18 salamanders
  A will-o-the-wisp (Abyss:3)
  16 elephants
  25 moths of wrath
  A faun (shapeshifter) (Abyss:2)
  4 worldbinders
  A rust devil (Abyss:3)
  4 water nymphs
  A guardian serpent (Snake:4)
  A frost giant skeleton (Depths:1)
  An elephant (shapeshifter) (Vaults:1)
  Maurice (Orc:2)
  10 merfolk sirens
  2 molten gargoyles (Depths:3)
  36 black mambas
  16 naga magi
  44 slime creatures
  A demonic crawler (Abyss:2)
  16 vault sentinels
  9 cane toads
  2 ice statues (Depths:3)
  A torpor snail (Lair:5)
  6 smoke demons
  3 orange demons
  Maggie (D:9)
  6 unseen horrors
  An unseen horror (shapeshifter) (Vaults:5)
  A gargoyle (D:12)
  2 efreet
  8 freezing wraiths
  A hellion (Depths:2)
  10 komodo dragons
  4 kobold demonologists
  A rime drake (shapeshifter) (D:15)
  2 rime drakes
  4 tengu conjurers
  7 ancient zymes
  38 yaktaurs
  An ice devil (Abyss:2)
  28 merfolk
  2 spriggan skeletons
  3 anaconda simulacra
  3 meliai (D:15)
  4 trolls
  3 golden dragon simulacra
  5 polar bears
  A sphinx simulacrum (Depths:1)
  A wind drake (Shoals:4)
  14 hornets
  A raiju (shapeshifter) (Depths:3)
  5 hellwings
  Prince Ribbit (D:8)
  A tarantella (Depths:3)
  12 raiju
  12 snapping turtles
  8 dream sheep
  5 spriggan zombies
  A dream sheep (shapeshifter) (Vaults:4)
  17 blink frogs
  2 centaur simulacra
  23 large abominations
  A flying skull (Abyss:3)
  4 water elementals
  4 wraiths
  4 shadows
  A culicivora (Vaults:1)
  19 spriggans
  An air elemental (Abyss:2)
  An ettin skeleton (Abyss:2)
  53 yaks
  2 dire elephant simulacra (IceCv)
  8 wyverns
  3 ynoxinuls
  4 fire bats
  3 hogs
  13 humans
  3 fire elementals (Depths:3)
  50 starcursed masses
  2 steam dragons
  2 golden eyes (Depths:3)
  A chaos spawn (Abyss:2)
  9 neqoxecs
  8 basilisks
  7 redbacks
  9 vampire mosquitoes
  2 swamp worms (D:11)
  5 harpy simulacra
  4 acid dragons
  50 nagas
  2 wargs (Orc:2)
  15 water moccasins
  A hydra simulacrum (IceCv)
  A floating eye (shapeshifter) (Vaults:1)
  A floating eye (Depths:3)
  2 ice beasts
  11 black bears
  34 orc warriors
  A sky beast (D:7)
  A black bear (shapeshifter) (Vaults:5)
  4 boggarts (Lair:5)
  An ettin simulacrum (IceCv)
  An alligator simulacrum (IceCv)
  A black mamba simulacrum (Depths:3)
  16 ogres
  34 wolves
  8 centaurs
  2 lemures (D:5)
  13 kobold brigands
  Blork the orc (Orc:2)
  17 bullfrogs
  2 earth elementals (Depths:3)
  A necrophage (D:7)
  A gnoll sergeant (D:7)
  A scorpion (D:9)
  16 wights
  7 small abominations
  5 killer bees
  2 lindwurm simulacra (IceCv)
  2 elephant simulacra (Depths:3)
  A vampire bat (Depths:3)
  A howler monkey (D:5)
  2 electric eels
  4 lava snakes
  2 quasits
  A gnoll bouda (D:7)
  5 hounds
  20 orc priests
  3 iron imps (Abyss:2)
  4 jellies (Lair:5)
  7 iguanas
  23 orc wizards
  5 hell rats (Lair:4)
  A troll simulacrum (Depths:3)
  7 gnolls (D:7)
  A naga simulacrum (Depths:3)
  4 adders
  2 river rats (Lair:3)
  2 shadow imps (D:6)
  7 white imps
  9 ufetubi
  A worm (D:4)
  5 dart slugs
  67 orcs
  5 ball pythons
  7 bats
  7 endoplasms
  2 giant cockroaches
  5 goblins
  5 hobgoblins
  9 jackals
  25 kobolds
  6 quokkas
  3 frilled lizards
  9 rats
  2 briar patches (D:11)
  A lurking horror (Abyss:2)
  12 starspawn tentacles
  A tentacle (Shoals:4)
2264 creatures vanquished.

Vanquished Creatures (collateral kills)
  A tentacled monstrosity (Zot:3)
  A quicksilver dragon (Zot:3)
  A white draconian (Zot:3)
3 creatures vanquished.

Vanquished Creatures (others)
  2 fire giants
  A ghost moth (Zot:1)
  A wizard (Vaults:2)
  A starcursed mass (Abyss:3)
  A golden eye (Abyss:3)
  A human (D:13)
  2 foxfires (Abyss:3)
  83 fungi
  146 plants
  28 starspawn tentacles
  7 tentacles
  2 withered plants (D:15)
275 creatures vanquished.

Grand Total: 2542 creatures vanquished

Notes
Turn   | Place    | Note
-------+----------+-------------------------------------------
     0 | D:1      | Flugkiller the Octopode Hunter began the quest for the Orb.
     0 | D:1      | Reached XP level 1. HP: 14/14 MP: 1/1
   133 | D:1      | Reached XP level 2. HP: 19/19 MP: 2/2
   451 | D:1      | Reached XP level 3. HP: 24/24 MP: 3/3
  1008 | D:2      | Found Tuosenwa's Jewellery Shop.
  1114 | D:2      | Found Ubyfintoremn's Armour Boutique.
  1141 | D:2      | Reached XP level 4. HP: 29/29 MP: 4/4
  1170 | D:2      | Found Axzufaphi's Magic Scroll Emporium.
  1840 | D:3      | Reached XP level 5. HP: 36/36 MP: 5/5
  2271 | D:3      | Found the +7 staff of the Meek {protect, meekguard}
  2387 | D:4      | You fall into a shaft and drop 3 floors!
  2444 | D:6      | Noticed a human
  2444 | D:6      | Noticed a human
  2475 | D:7      | Killed a human
  2476 | D:7      | Reached XP level 6. HP: 32/43 MP: 6/6
  2526 | D:7      | Killed a human
  2527 | D:7      | Reached skill level 5 in Ranged Weapons
  2527 | D:7      | Reached skill level 5 in Dodging
  2527 | D:7      | Reached XP level 7. HP: 24/48 MP: 7/7
  2619 | D:6      | Noticed a human
  2620 | D:6      | Noticed a human
  2634 | D:7      | Killed a human
  2705 | D:6      | Noticed a human
  2712 | D:7      | Killed a human
  2771 | D:6      | Killed a human
  2772 | D:6      | Reached skill level 5 in Fighting
  2772 | D:6      | Reached XP level 8. HP: 48/56 MP: 8/8
  2886 | D:6      | Found a glowing silver altar of Zin.
  2929 | D:6      | Identified the +0 dagger of a treasure trove {elec, *Slow
                  | Int+3}
  3313 | D:5      | Entered Level 5 of the Dungeon
  3335 | D:5      | Reached skill level 5 in Stealth
  3348 | D:5      | Noticed Pikel
  3365 | D:5      | Killed Pikel
  3366 | D:5      | Reached skill level 10 in Stealth
  3366 | D:5      | Reached XP level 9. HP: 45/62 MP: 9/9
  3708 | D:5      | Found a staircase to the Ecumenical Temple.
  3810 | Temple   | Entered the Ecumenical Temple
  4235 | D:5      | Found a hide-covered altar of Uskayaw.
  4298 | D:4      | Found a blossoming altar of Fedhas.
  6009 | D:5      | Became a worshipper of Uskayaw the Reveller
  6052 | D:7      | Reached * piety under Uskayaw
  6057 | D:7      | Reached ** piety under Uskayaw
  6068 | D:7      | Reached *** piety under Uskayaw
  6489 | D:7      | Reached XP level 10. HP: 40/68 MP: 10/10
  6861 | D:7      | Reached skill level 10 in Dodging
  6862 | D:7      | Reached **** piety under Uskayaw
  6863 | D:7      | Reached skill level 1 in Invocations
  6865 | D:7      | Reached ***** piety under Uskayaw
  7103 | D:7      | Reached skill level 2 in Invocations
  7183 | D:8      | Noticed a two-headed ogre
  7420 | D:2      | Bought a +5 ring of evasion for 396 gold pieces
  7732 | D:8      | Found a burning altar of Makhleb.
  7816 | D:8      | Found an opulent altar of Gozag.
  7934 | D:8      | Reached skill level 3 in Invocations
  8009 | D:8      | Found a white marble altar of Elyvilon.
  8054 | D:8      | Noticed Prince Ribbit
  8067 | D:8      | Killed Prince Ribbit
  8259 | D:8      | Killed a two-headed ogre
  8260 | D:8      | Reached skill level 4 in Invocations
  8374 | D:8      | Reached skill level 5 in Invocations
  8598 | D:8      | Found a shimmering blue altar of Sif Muna.
  8864 | D:8      | Reached skill level 1 in Long Blades
  8923 | D:9      | Noticed Maggie
  8977 | D:9      | Killed Maggie
  8980 | D:9      | Identified the +10 whip of Reinforcement {holy, rElec rN+}
  9054 | D:9      | Reached XP level 11. HP: 77/77 MP: 14/14
  9115 | D:9      | Noticed Erica
  9149 | D:9      | Killed Erica
  9150 | D:9      | Reached skill level 5 in Long Blades
  9369 | D:9      | Found a bloodstained altar of Trog.
  9371 | D:9      | Noticed a two-headed ogre
  9379 | D:9      | Killed a two-headed ogre
  9552 | D:9      | Reached skill level 5 in Evocations
  9552 | D:9      | Reached ****** piety under Uskayaw
  9554 | D:9      | Found a staircase to the Lair.
  9808 | D:10     | Entered Level 10 of the Dungeon
 10355 | D:10     | Found a staircase to the Orcish Mines.
 10483 | D:10     | Noticed a boulder beetle
 10498 | D:10     | Killed a boulder beetle
 10606 | D:10     | Found Okhirgh's Tremendous Tomes.
 10695 | D:10     | Reached XP level 12. HP: 82/82 MP: 15/15
 10866 | D:11     | Noticed a two-headed ogre
 10876 | D:11     | Killed a two-headed ogre
 10877 | D:11     | Reached skill level 10 in Long Blades
 11052 | D:11     | Found a transporter.
 11100 | D:11     | Found a transporter.
 11117 | D:11     | Noticed a boulder beetle
 11125 | D:11     | Killed a boulder beetle
 11345 | D:11     | Found a shadowy altar of Dithmenos.
 11697 | Lair:1   | Entered Level 1 of the Lair of Beasts
 11739 | Lair:1   | Reached skill level 1 in Shields
 11909 | Lair:1   | Reached skill level 6 in Invocations
 12184 | Lair:1   | Noticed a catoblepas
 12238 | Lair:1   | Killed a catoblepas
 12239 | Lair:1   | Reached skill level 7 in Invocations
 12242 | Lair:1   | Reached skill level 5 in Shields
 12506 | Lair:1   | Noticed Harold
 12561 | Lair:1   | Reached XP level 13. HP: 49/89 MP: 18/18
 12726 | Lair:1   | Reached skill level 8 in Invocations
 12761 | Lair:1   | Killed Harold
 12883 | Lair:1   | Reached skill level 9 in Invocations
 13441 | Lair:2   | Found a staircase to the Snake Pit.
 13663 | Lair:2   | Reached skill level 10 in Invocations
 13940 | Lair:2   | Noticed Fannar
 13951 | Lair:2   | Killed Fannar
 14586 | D:2      | Bought a +6 ring of dexterity for 396 gold pieces
 15398 | Lair:3   | Found a staircase to the Shoals.
 15882 | Lair:4   | Found a sparkling altar of Nemelex Xobeh.
 15895 | Lair:4   | Reached skill level 10 in Fighting
 15988 | Lair:4   | Reached XP level 14. HP: 95/99 MP: 21/21
 16941 | Lair:5   | Entered Level 5 of the Lair of Beasts
 17422 | Lair:5   | Reached skill level 11 in Invocations
 17742 | Lair:5   | Found a staircase to the Slime Pits.
 17742 | Lair:5   | Found a viscous altar of Jiyva.
 19714 | D:12     | Reached XP level 15. HP: 75/107 MP: 23/23
 20876 | D:13     | Found a gate to the Vaults.
 20888 | D:13     | Identified the +11 glaive of Sulphur {pain, rElec rPois
                  | rC+}
 22203 | D:15     | Entered Level 15 of the Dungeon
 22432 | D:15     | Noticed Rupert
 22605 | D:15     | Found a staircase to the Depths.
 23435 | Orc:1    | Entered Level 1 of the Orcish Mines
 23490 | Orc:1    | Found a runed translucent gate.
 23490 | Orc:1    | Found a runed translucent gate.
 23490 | Orc:1    | Found a runed translucent gate.
 23499 | Orc:1    | Noticed Pemick's ghost (journeyman MiFi)
 23574 | Orc:1    | Found Ritynt's Overcharged Wands.
 23683 | Orc:1    | Found an iron altar of Okawaru.
 23683 | Orc:1    | Identified the +5 chain mail of Ignis's Fury {rC+ rN+}
 23683 | Orc:1    | Identified the +4 demon whip "Utiown" {freeze, rPois rC-
                  | Str+3}
 24098 | Orc:2    | Entered Level 2 of the Orcish Mines
 24098 | Orc:2    | Noticed an orc warlord
 24132 | Orc:2    | Killed an orc warlord
 24154 | Orc:2    | Reached skill level 12 in Invocations
 24571 | Orc:2    | Noticed Maurice
 24580 | Orc:2    | Killed Maurice
 24589 | Orc:2    | Noticed Urug
 24601 | Orc:2    | Noticed Blork the orc
 24603 | Orc:2    | Killed Urug
 24615 | Orc:2    | Killed Blork the orc
 24616 | Orc:2    | Gained mutation: Potions are less effective at restoring
                  | your health. [a neqoxec]
 24665 | Orc:2    | Reached XP level 16. HP: 76/117 MP: 22/25
 24816 | Orc:2    | Noticed Saint Roka
 24891 | Orc:2    | Killed Saint Roka
 25061 | Orc:2    | Found Deraeq's Antique Armour Emporium.
 25079 | Orc:2    | Found Zioteeju's General Store.
 25123 | Orc:2    | Found Fuibriah's Antique Weapon Emporium.
 25151 | Orc:2    | Found Sian Less's Jewellery Emporium.
 25157 | Orc:2    | Bought a +6 ring of dexterity for 648 gold pieces
 25219 | Orc:2    | Found a staircase to the Elven Halls.
 25326 | Orc:2    | Found Ravvad's Jewellery Emporium.
 25376 | Orc:2    | Bought a ring of poison resistance for 320 gold pieces
 25376 | Orc:2    | Bought a ring of protection from fire for 400 gold pieces
 25612 | Snake:1  | Entered Level 1 of the Snake Pit
 25625 | Snake:1  | Found Nopuemah's General Store.
 25628 | Snake:1  | Bought a scroll of fog for 68 gold pieces
 25730 | Snake:1  | Reached skill level 15 in Dodging
 26329 | Snake:1  | Reached skill level 13 in Invocations
 26603 | Snake:2  | Noticed a nagaraja
 26614 | Snake:2  | Killed a nagaraja
 26794 | Snake:2  | Found Xoovyst's Jewellery Shoppe.
 27069 | Snake:2  | Noticed Aizul
 27084 | Snake:2  | Killed Aizul
 27190 | Snake:2  | Noticed Kirke
 27203 | Snake:2  | Noticed a sphinx
 27205 | Snake:2  | Killed Kirke
 28579 | Snake:3  | Noticed a nagaraja
 28684 | Snake:3  | Killed a nagaraja
 28697 | Snake:3  | Identified a scroll of acquirement
 28703 | Snake:3  | Acquired the +2 hat of Cabaq {rElec Str-5 Int+6 Dex-3}
 28864 | Snake:3  | Reached XP level 17. HP: 122/122 MP: 26/26
 29273 | Snake:3  | Found Cieretith's General Store.
 29273 | Snake:3  | Found Pial's General Store.
 29492 | Snake:4  | Entered Level 4 of the Snake Pit
 29532 | Snake:4  | Noticed Mara
 29535 | Snake:4  | Noticed Flugkiller's illusion
 29611 | Snake:4  | Found Oblehet's Magic Scroll Emporium.
 29613 | Snake:4  | Noticed Flugkiller's illusion
 29682 | Snake:4  | Found Luonia's Book Boutique.
 29682 | Snake:4  | Found Ikuolie's Jewellery Shoppe.
 29688 | Snake:4  | Found Wumunoz's Jewellery Shoppe.
 29702 | Snake:4  | Bought a book of Transfigurations for 520 gold pieces
 29708 | Snake:4  | Learned a level 5 spell: Irradiate
 29960 | Snake:4  | Noticed Flugkiller's illusion
 29962 | Snake:4  | Reached skill level 1 in Spellcasting
 29962 | Snake:4  | Reached skill level 1 in Conjurations
 29962 | Snake:4  | Reached skill level 1 in Transmutations
 29969 | Snake:4  | Killed Mara
 31343 | Snake:4  | Got a serpentine rune of Zot
 31515 | Shoals:1 | Entered Level 1 of the Shoals
 31530 | Shoals:1 | Found a frozen archway.
 31540 | IceCv    | Entered an ice cave
 31897 | IceCv    | Lost mutation: Potions are less effective at restoring your
                  | health. [potion of mutation]
 31897 | IceCv    | Gained mutation: You sometimes lose your temper in combat.
                  | [potion of mutation]
 31897 | IceCv    | Gained mutation: You are agile. (Dex +4, Str/Int -1)
                  | [potion of mutation]
 31897 | IceCv    | Gained mutation: You have a pair of small antennae on your
                  | head. [potion of mutation]
 31898 | IceCv    | Lost mutation: You are agile. (Dex +4, Str/Int -1) [potion
                  | of mutation]
 31898 | IceCv    | Lost mutation: You have a pair of small antennae on your
                  | head. [potion of mutation]
 31898 | IceCv    | Gained mutation: One of your tentacles bears a spike.
                  | [potion of mutation]
 31898 | IceCv    | Gained mutation: Your body sometimes deteriorates upon
                  | taking damage. [potion of mutation]
 31899 | IceCv    | Lost mutation: Your body sometimes deteriorates upon taking
                  | damage. [potion of mutation]
 31899 | IceCv    | Lost mutation: One of your tentacles bears a spike. [potion
                  | of mutation]
 31899 | IceCv    | Gained mutation: A frigid envelope surrounds you and
                  | freezes all who hurt you. [potion of mutation]
 31900 | IceCv    | Lost mutation: A frigid envelope surrounds you and freezes
                  | all who hurt you. [potion of mutation]
 31900 | IceCv    | Lost mutation: You sometimes lose your temper in combat.
                  | [potion of mutation]
 31900 | IceCv    | Gained mutation: You are partially covered in iridescent
                  | scales. (AC +2) [potion of mutation]
 32198 | Shoals:1 | Found Weskits's Armour Emporium.
 32238 | Shoals:1 | Found Kothroa's Book Shop.
 32382 | Shoals:1 | Reached XP level 18. HP: 131/131 MP: 27/27
 32403 | Shoals:1 | Reached skill level 5 in Conjurations
 32403 | Shoals:1 | Reached skill level 5 in Transmutations
 32729 | Shoals:1 | Found Moezowkug's Weapon Shoppe.
 32963 | Shoals:1 | Identified the ring "Fiakasch" {Fly rElec rN+ Dex+6 Stlth-}
 33322 | Shoals:2 | Found Huppouvo's Firing Range.
 33688 | Shoals:3 | Reached skill level 5 in Spellcasting
 34671 | Shoals:4 | Entered Level 4 of the Shoals
 34757 | Shoals:4 | Identified the +7 hand axe "Esilynijeu" {speed, *Slow rPois
                  | Str+3 Dex+6}
 35049 | Shoals:4 | Reached skill level 10 in Shields
 35179 | Shoals:4 | Noticed Ilsuiw
 35218 | Shoals:4 | Killed Ilsuiw
 35463 | Shoals:4 | Got a barnacled rune of Zot
 36171 | Vaults:1 | Entered Level 1 of the Vaults
 36278 | Vaults:1 | Found Voreacut's Assorted Antiques.
 36528 | Vaults:1 | Reached XP level 19. HP: 84/136 MP: 28/28
 37099 | Vaults:1 | Reached skill level 10 in Conjurations
 37103 | Vaults:1 | Reached skill level 10 in Transmutations
 37258 | Vaults:1 | Reached skill level 15 in Stealth
 38409 | Shoals:1 | Reached XP level 20. HP: 143/143 MP: 29/29
 38551 | Snake:4  | Bought a scroll of acquirement for 676 gold pieces
 38551 | Snake:4  | Acquired 983 gold pieces
 38576 | Snake:2  | Bought the ring "Wuell" {rElec rC+ rN++ Int+4} for 579 gold
                  | pieces
 39012 | Vaults:1 | Identified the +7 spear of Ynoityoh {drain, rElec}
 39625 | Shoals:1 | Bought the +0 mask of the Dragon {Will+ Slay+3 SInv} for
                  | 534 gold pieces
 39625 | Shoals:1 | Found the +0 mask of the Dragon {Will+ Slay+3 SInv}
 39915 | Vaults:2 | Found a staircase to the Crypt.
 40023 | Vaults:2 | Reached skill level 15 in Fighting
 40686 | Vaults:2 | Reached XP level 21. HP: 153/153 MP: 30/30
 41974 | Vaults:3 | Identified the ring of Pesabr Rauj {Fly MP+9 Str+3 Int-4}
 43490 | Vaults:4 | Reached XP level 22. HP: 127/165 MP: 32/32
 43723 | Vaults:4 | Reached skill level 15 in Long Blades
 44366 | Vaults:5 | Entered Level 5 of the Vaults
 44406 | Vaults:5 | Noticed an ancient lich
 44422 | Vaults:5 | Noticed a dread lich
 44475 | Vaults:5 | Killed a dread lich
 44814 | Vaults:5 | Identified the ring "Oclaluatt" {rC- rN++ Will+}
 44842 | Vaults:5 | Identified the ring of Xom's Passing Interest {Wiz rF+
                  | Stlth+}
 44851 | Vaults:5 | Identified the +1 glaive of the Red God {speed, rElec Str+4
                  | Dex-2}
 44904 | Vaults:5 | Identified the ring "Zijate Ranoo" {Ice rPois Str+3}
 44916 | Vaults:5 | Identified the +9 flail of Xuqik {flame, Contam +Blink
                  | rPois SInv}
 45026 | Vaults:5 | Killed an ancient lich
 45036 | Vaults:5 | Reached skill level 14 in Invocations
 45101 | Vaults:5 | Reached XP level 23. HP: 133/171 MP: 33/33
 45201 | Vaults:5 | Reached skill level 15 in Invocations
 45500 | Vaults:5 | Reached skill level 16 in Invocations
 45857 | Vaults:5 | Got a silver rune of Zot
 46026 | Vaults:5 | Identified the +3 whip of Qotzuq {holy, Drain rN+++}
 46937 | Depths:1 | Entered Level 1 of the Depths
 46976 | Depths:1 | Reached skill level 17 in Invocations
 47089 | Depths:1 | Noticed Bai Suzhen
 47100 | Depths:1 | Killed Bai Suzhen
 47344 | Depths:1 | Reached skill level 18 in Invocations
 47350 | Depths:1 | Reached skill level 1 in Earth Magic
 47576 | Depths:1 | Noticed Sojobo
 47592 | Depths:1 | Killed Sojobo
 47664 | Depths:1 | Found a gateway to Hell.
 47917 | Depths:1 | Found an ancient bone altar of Kikubaaqudgha.
 48323 | Shoals:1 | Bought Great Wizards, Vol. II for 608 gold pieces
 48329 | Shoals:1 | Learned a level 5 spell: Borgnjor's Vile Clutch
 48623 | Depths:2 | Found a one-way gate to the infinite horrors of the Abyss.
 48802 | Depths:2 | Reached skill level 5 in Earth Magic
 48920 | Depths:2 | Reached XP level 24. HP: 177/177 MP: 36/36
 48948 | Depths:2 | Acquired 1237 gold pieces
 49055 | Depths:2 | Found a one-way gate leading to the halls of Pandemonium.
 49127 | Depths:2 | Found a one-way gateway to a ziggurat.
 49754 | D:2      | Bought the brooch of Shielding {Spirit SH+8} for 715 gold
                  | pieces
 49754 | D:2      | Found the brooch of Shielding {Spirit SH+8}
 50379 | Depths:3 | Noticed Jory
 50396 | Depths:3 | Killed Jory
 50406 | Depths:2 | Reached skill level 1 in Necromancy
 50617 | Depths:3 | Reached skill level 15 in Shields
 50774 | Depths:3 | Noticed Parghit
 50782 | Depths:3 | Killed Parghit
 50850 | Depths:3 | Got the Thoughts on Shaping
 50920 | Depths:3 | Got the Elucidation of Pestilence
 51006 | Depths:3 | Got the Secrets of the Cwm
 51190 | Depths:3 | Noticed Mennas
 51205 | Depths:3 | Killed Mennas
 51206 | Depths:3 | Reached skill level 10 in Earth Magic
 51207 | Depths:3 | Reached skill level 5 in Necromancy
 51664 | Depths:3 | Got Exeogaz's Folio of the Iceberg
 51930 | Depths:4 | Entered Level 4 of the Depths
 51930 | Depths:4 | Noticed Xtahua
 51936 | Depths:4 | Killed Xtahua
 51986 | Depths:4 | Reached XP level 25. HP: 140/183 MP: 23/36
 52246 | Depths:4 | Reached skill level 10 in Necromancy
 52448 | Depths:4 | Found a gate to the Realm of Zot.
 52742 | Depths:4 | Voluntarily entered the Abyss.
 52896 | Abyss:1  | Found a corrupted altar of Lugonu.
 53108 | Abyss:1  | Found a corrupted altar of Lugonu.
 53124 | Abyss:1  | Paralysed by accursed screaming for 1 turns
 53138 | Abyss:1  | Found a corrupted altar of Lugonu.
 53242 | Abyss:1  | Noticed a dread lich
 53276 | Abyss:2  | Found a corrupted altar of Lugonu.
 53303 | Abyss:2  | Found a corrupted altar of Lugonu.
 53399 | Abyss:2  | Found a corrupted altar of Lugonu.
 53721 | Abyss:2  | Found a corrupted altar of Lugonu.
 54020 | Depths:4 | Escaped the Abyss
 54022 | Depths:4 | Voluntarily entered the Abyss.
 54492 | Abyss:2  | Identified the +7 tower shield "Diptinu" {-Cast Rampage
                  | rElec rPois}
 54599 | Depths:4 | Escaped the Abyss
 54670 | Depths:4 | Voluntarily entered the Abyss.
 54707 | Abyss:2  | Found a corrupted altar of Lugonu.
 54728 | Abyss:2  | Found a corrupted altar of Lugonu.
 54798 | Abyss:2  | Reached skill level 10 in Evocations
 54935 | Depths:4 | Escaped the Abyss
 54937 | Depths:4 | Voluntarily entered the Abyss.
 55097 | Abyss:3  | Reached XP level 26. HP: 168/189 MP: 34/36
 55119 | Abyss:3  | Paralysed by accursed screaming for 2 turns
 55182 | Abyss:3  | Found a corrupted altar of Lugonu.
 55182 | Abyss:3  | Found a corrupted altar of Lugonu.
 55183 | Abyss:3  | Found a corrupted altar of Lugonu.
 55184 | Abyss:3  | Got an abyssal rune of Zot
 55472 | Depths:4 | Escaped the Abyss
 55561 | Zot:1    | Entered Level 1 of the Realm of Zot
 55952 | Zot:1    | Got the Guide on Space
 56560 | Zot:1    | Noticed an orb of fire
 56563 | Zot:1    | Killed an orb of fire
 57324 | D:2      | Bought a scroll of enchant weapon for 105 gold pieces
 57324 | D:2      | Bought a scroll of blinking for 105 gold pieces
 57326 | D:2      | Bought a scroll of fear for 56 gold pieces
 57583 | Snake:4  | Bought a scroll of fear for 52 gold pieces
 57583 | Snake:4  | Bought a scroll of blinking for 97 gold pieces
 58555 | Zot:2    | Acquired the ring "Yrylaime" {Fly rF+++ rC+}
 58995 | Snake:2  | Bought a +4 ring of slaying for 780 gold pieces
 59986 | Zot:2    | Identified the +7 war axe "Wiceng" {flame, Drain Int+4}
 60135 | Zot:3    | Noticed a Killer Klown
 60135 | Zot:3    | Noticed an ancient lich
 60141 | Zot:3    | Noticed a Killer Klown
 60145 | Zot:3    | Killed a Killer Klown
 60149 | Zot:3    | Killed an ancient lich
 60150 | Zot:3    | Killed a Killer Klown
 60238 | Zot:3    | Reached XP level 27. HP: 201/201 MP: 3/36
 60385 | Zot:3    | Reached skill level 19 in Invocations
 60742 | Zot:4    | Noticed Vv
 61006 | Zot:4    | Noticed an orb of fire
 61018 | Zot:4    | Killed an orb of fire
 61463 | Zot:4    | Found a transporter.
 61518 | Zot:4    | Found a transporter.
 61527 | Zot:4    | Found the +7 lajatang of Order {silver, rMut}
 61559 | Zot:4    | Killed Vv
 61573 | Zot:4    | Noticed Jitzoag's ghost (legendary GnTm)
 61785 | Zot:4    | Reached skill level 20 in Invocations
 62049 | Zot:5    | Entered Level 5 of the Realm of Zot
 62341 | Zot:5    | Identified the +4 trident of Bodily Harmony {protect, rF-
                  | rCorr Int+6}
 62604 | Zot:5    | Noticed an orb of fire
 63239 | Snake:1  | Bought a potion of haste for 170 gold pieces
 63700 | Zot:5    | Noticed an ancient lich
 63704 | Zot:5    | Killed an ancient lich
 64321 | Zot:5    | Noticed a dread lich
 64326 | Zot:5    | Noticed a dread lich
 64332 | Zot:5    | Killed a dread lich
 64335 | Zot:5    | Reached skill level 21 in Invocations
 64338 | Zot:5    | Gained mutation: Potions are less effective at restoring
                  | your health. [an orb of fire]
 64339 | Zot:5    | Gained mutation: Your spells are a little easier to cast,
                  | but a little less powerful. [an orb of fire]
 64340 | Zot:5    | Killed a dread lich
 64341 | Zot:5    | Killed an orb of fire
 64402 | Zot:5    | Noticed an ancient lich
 64407 | Zot:5    | Killed an ancient lich
 64519 | Zot:5    | Reached skill level 22 in Invocations
 64714 | Zot:5    | Noticed a dread lich
 64715 | Zot:5    | Noticed an orb of fire
 64733 | Zot:5    | Killed a dread lich
 64741 | Zot:5    | Gained mutation: You occasionally shout uncontrollably at
                  | your foes. [an orb of fire]
 64745 | Zot:5    | Killed an orb of fire
 64931 | Zot:5    | Got the Orb of Zot
 65200 | D:15     | Noticed Qaidulen the pandemonium lord
 65297 | D:13     | Reached skill level 23 in Invocations
 65597 | D:1      | gg
 65598 | D:$      | Escaped with the Orb!

Illustrated notes

###.......###.#.####.# #
####..#########################
#......≈≈≈≈.##..≈≈#.#.#....#.
#...###≈>...##.#.....#..#..#.
#...# #.≈...##.####..#####.#. #
#...# ######..#.#.###.#.#.##. #
#...# ####§≈##.#..≈#.#.#.#.
#####)..#####.##....###.####≈#≈#.
........>..#.#)#@...####.#.##.##.
...........#.#.######..#.#...###.
...........###.#..#...#.#..##....
#####...#######.##.####.##..≈###.
........## #.##.≈##...###.≈.§##.
.###.....# #.#..#..###.#..#..##.
.###.###.# ##.##..##..##...##...
.##..# #.### #.#################.
.##..###...# #.#.# #........


Turn 65597 on D:1: gg

Levels and vault maps discovered:
D:1:      dpeg_arrival_brainrot, layout_loops_cross, minmay_misc_feat_rows,
          minmay_misc_feat_iff, minivault_5, st_stairs_4,
          hangedman_decor_lopped, minmay_small_reverse_x
D:2:      layout_loops_cross, serial_shops, shop_fountains,
          nicolae_shop_waterfront, nicolae_shop_statue_plus, minivault_25
D:3:      layout_rooms
D:4:      layout_cave_pools, overflow_temple_1_default, minivault_1,
          hangedman_decor_opposing
D:5:      layout_cave_pods, mainiacjoe_overflow_alcove_1,
          minmay_temple_entry_statues_pillars, uniq_pikel
D:6:      layout_cave_pools, kennysheep_mini, minmay_ruffians
D:7:      layout_loops_ring, grunt_potential
D:8:      layout_loops_ring, mainiacjoe_overflow_catwalk,
          nicolae_overflow_crystal_walls, mainiacjoe_overflow_swirl,
          uniq_prince_ribbit1
D:9:      layout_rooms, trog_ov_bears_minmay, due_lair_maze_entry_diamond,
          uniq_erica, uniq_maggie
D:10:     layout_loops_ring, orc_0_dummy, dreamdust_princess_corridor,
          nicolae_shop_i_like_big_books, minmay_lizard_king
D:11:     gammafunk_worm_tunnel, layout_grid_maze,
          nicolae_dithmenos_through_a_glass_darkly
D:12:     layout_loops_ring, chequers_serial_rivers_micro_a
D:13:     layout_rooms, ximxim_vaults_locker_room
D:14:     layout_long_grid, chequers_serial_rivers_micro_c,
          minmay_misc_feat_tiny
D:15:     gammafunk_depths_entry_grave, layout_loops_ring, nicolae_water_bricks,
          uniq_rupert
Temple:   nicolae_temple_bog_church
Lair:1:   layout_gridlike, uniq_harold
Lair:2:   layout_chaotic_city, nicolae_snake_entry_warm_welcome,
          chequers_serial_rivers_room_b, uniq_fannar
Lair:3:   layout_chaotic_city, minmay_shoals_entry_hut, minivault_26,
          chequers_serial_rivers_micro_a, pond, lemuel_fruit_tree
Lair:4:   layout_gridlike, basic_altar, grunt_megastairs_4
Lair:5:   minmay_lair_end_enchanted_forest, layout_gridlike,
          nicolae_slime_entry_field_trip, minivault_23, st_stairs_8
Shoals:1: layout_shoals, portal_ice_cave_entry_pillars_1, serial_shops, shop,
          shop, shop, abandoned_shop, nicolae_shoals_beach_house_on_fowls_legs
Shoals:2: layout_shoals, nicolae_shop_firing_range
Shoals:3: nzn_motion_control, layout_shoals
Shoals:4: shoals_end_grunt_ice, layout_shoals, shoals_ilsuiw_alternative
Snake:1:  layout_grid_maze, serial_shops, nicolae_shop_behind_doors
Snake:2:  layout_chambers, serial_shops, shop, grunt_megastairs_5, uniq_aizul,
          uniq_kirke
Snake:3:  layout_misc_corridors, minmay_shoptagon
Snake:4:  minmay_snake_end_coiled, layout_onion_interference, serial_shops,
          shop, minmay_shop_grove, uniq_mara
Orc:1:    cheibrodos_orc_arena, layout_diamond_mine,
          gammafunk_ghost_fury_of_okawaru, nicolae_shop_overcharged_wands
Orc:2:    grunt_orc_cross, layout_diamond_mine, serial_shops,
          nicolae_shop_trees, nicolae_orc_stony_grotto, uniq_maurice
Vaults:1: nicolae_vaults_network_square, v_misc_4, v_misc_13,
          hangedman_vaults_stitches, v_pattern_4, vaults_room_fancy_cross,
          st_octagons_1, ontoclasm_vaults_eye, vaults_mumra_hexcomb,
          layout_vaults_chaotic_city, serial_shops,
          nicolae_shop_competitors_out_of_business
Vaults:2: minmay_crypt_entry_simple_box, v_misc_10, v_misc_5, v_misc_19,
          ontoclasm_vaults_claustrophobia, nicolae_vaults_murderbox,
          ontoclasm_vaults_chip, vaults_dpeg_diagonal, v_misc_10,
          v_alt_pattern_4, ontoclasm_vaults_ring_square,
          vaults_dpeg_emergency_exit, dpeg_vaults_monster_box,
          vaults_dpeg_encased_lava, nicolae_vaults_asterisk,
          layout_vaults_omnibox
Vaults:3: vaults_standard_mumra_lines, nicolae_vaults_alarming,
          vaults_mumra_chevron_long, nicolae_vaults_good_morning_starshine,
          grunt_vaults_focal, nicolae_vaults_ninety_degrees, v_misc_27,
          v_misc_30, v_misc_19, grunt_vaults_hallway_short,
          vaults_room_door_ring, ontoclasm_vaults_chip, layout_vaults_omnicross
Vaults:4: vaults_room_grunt_arrival_checkpoint, hangedman_vaults_cutoff,
          nicolae_vaults_puzzle_piece, vaults_standard_mumra_enter_the_diamond,
          vaults_dpeg_hooks, dpeg_vaults_hating_casters,
          ontoclasm_vaults_loading_screen, vaults_standard_mumra_x, v_misc_29,
          layout_vaults_quadrants
Vaults:5: serial_shops, uniq_margery
Depths:1: layout_gridlike, serial_curves, eino_curves_02, eino_curves_04,
          hell_entry, drop_trap, chequers_serial_rivers_small_3,
          nicolae_kikubaaqudgha_miasma_corner, uniq_sojobo, uniq_bai_suzhen
Depths:2: minmay_skeletal_surprise, layout_gridlike, enter_ziggurat_b,
          rand_demon_pan_entry_8, abyss_entry, grunt_hell_entry_dis_old,
          infiniplex_staircase_split_hallway, kennysheep_opposing_triangles
Depths:3: minmay_the_grid_triangle_9x9_rhombus_thin_mashed
          [minmay_the_grid_triangle_9x9_windchime,
          minmay_the_grid_triangle_9x9_prize_top_heavy,
          minmay_the_grid_triangle_9x9_impossible_snake,
          minmay_the_grid_triangle_9x9_dagger], layout_cave_pools, hell_entry,
          abyss_entry, minmay_misc_feat_cross, serial_hangedman_research,
          hangedman_research_toxicology, hangedman_research_thermodynamics,
          hangedman_research_probablistics, hangedman_research_geology,
          hangedman_research_metamorphosis, hangedman_research_pyrotechnics,
          hangedman_abyss_or_decor_clamps, uniq_mennas, uniq_parghit, uniq_jory
Depths:4: evilmike_zot_entry_basic, layout_cave_pools, nicolae_eternal_life,
          hangedman_abyss_entry_splay, hell_entry, uniq_xtahua
Zot:1:    layout_gridlike
Zot:2:    layout_basic
Zot:3:    ebering_klown_carousel, layout_misc_corridors
Zot:4:    layout_onion_interference, gammafunk_ghost_berserking_beasts, uniq_vv
Zot:5:    layout_basic

Skill      XL: |  1  2  3  4  5  6  7  8  9 10 11 12 13 14 15 16 17 18 19 20 21 22 23 24 25 26 27 |
---------------+----------------------------------------------------------------------------------+-----
Dodging        | 3 4 5 6 9 10 11 14 17 18 19 20 22 | 22.0
Fighting       | 3 4 5 6 8 10 11 13 14 16 18 20 | 20.0
Ranged Weapons | 5 6 |  6.0
Stealth        | 11 14 15 17 20 | 20.0
Invocations    | 5 7 10 11 12 13 14 18 23 | 23.1
Long Blades    | 4 9 10 11 12 13 14 16 | 16.0
Evocations     | 5 11 12 | 12.0
Shields        | 6 7 8 10 12 14 15 | 15.0
Spellcasting   | 4 5 7 |  7.0
Conjurations   | 4 9 10 12 | 12.0
Transmutations | 4 9 10 12 | 12.0
Earth Magic    | 5 12 14 | 14.0
Necromancy     | 7 10 | 10.0

Action                     |  1- 3 |  4- 6 |  7- 9 | 10-12 | 13-15 | 16-18 | 19-21 | 22-24 | 25-27 || total
---------------------------+-------+-------+-------+-------+-------+-------+-------+-------+-------++-------
  Melee: Constrict         |     1 |     2 |    37 |    80 |   136 |   148 |    79 |   118 |   200 ||   801
         Tentacles         |     1 |     2 |    44 |   131 |   288 |   380 |   250 |   456 |   601 ||  2153
         Short sword       |     1 |       |       |    14 |    53 |       |       |       |       ||    68
         Quarterstaff      |       |     9 |   166 |   310 |       |       |       |       |       ||   485
         Punch             |       |       |     1 |     8 |    25 |    24 |    25 |    32 |    32 ||   147
         Scimitar          |       |       |       |   160 |   933 |  1046 |       |       |       ||  2139
         Dagger            |       |       |       |       |       |    25 |       |     1 |    12 ||    38
         Double sword      |       |       |       |       |       |    56 |   631 |  1179 |  1485 ||  3351
   Fire: Shortbow          |    86 |    97 |    79 |    35 |       |       |       |       |       ||   297
  Throw: Dart              |       |       |       |     5 |     4 |     1 |       |       |     8 ||    18
   Cast: Irradiate         |       |       |       |       |       |       |       |     3 |     7 ||    10
         Borgnjor's Vile C |       |       |       |       |       |       |       |       |    15 ||    15
 Invoke: Line Pass         |       |       |       |     1 |     4 |     4 |     2 |     5 |     5 ||    21
         Stomp             |       |       |       |     1 |     4 |    15 |    15 |     5 |     5 ||    45
         Grand Finale      |       |       |       |       |     2 |     5 |     1 |     4 |     9 ||    21
  Evoke: Wand              |       |       |     4 |     3 |       |    16 |       |       |     3 ||    26
         Condenser vane    |       |       |       |       |     1 |     1 |       |       |       ||     2
         Lightning rod     |       |       |       |       |       |     1 |       |       |       ||     1
    Use: Scroll            |     1 |     6 |     7 |     8 |     5 |    15 |     2 |    11 |    11 ||    66
         Potion            |       |     3 |     1 |     5 |       |     5 |     1 |     8 |    12 ||    35
   Stab: Sleeping          |     1 |       |     8 |    15 |    41 |    44 |    46 |    26 |    14 ||   195
         Paralysed         |       |       |     1 |    32 |    91 |   118 |    94 |   146 |   160 ||   642
         Distracted        |       |       |     1 |     2 |     3 |     8 |     1 |     7 |    30 ||    52
         Invisible         |       |       |       |     3 |       |     1 |       |     2 |       ||     6
         Confused          |       |       |       |       |     9 |     2 |       |     5 |     3 ||    19
         Petrified         |       |       |       |       |     2 |     2 |       |       |       ||     4
         Petrifying        |       |       |       |       |     1 |     3 |       |       |       ||     4
 Armour: Skin              |     1 |     8 |    38 |    32 |     4 |     6 |     6 |     7 |    16 ||   118
  Dodge: Dodged            |    18 |    46 |   216 |   627 |   628 |   801 |   515 |   955 |   809 ||  4615
  Block: Kite shield       |       |       |       |    69 |   595 |   914 |   592 |  1135 |  1569 ||  4874

Table legend: (Time is in decaauts)
 A = Elapsed time spent in this place.
 B = Non-inter-level travel time spent in this place.
 C = Inter-level travel time spent in this place.
 D = Time resting spent in this place.
 E = Time spent auto-exploring this place.
 F = Levels seen in this place.
 G = Mean time per level.
                   A        B        C        D        E       F      G
               +--------+--------+--------+--------+--------+-----+--------+
         Total |  65024 |  53949 |  11075 |  13943 |  24027 |  52 | 1250.5 |
       Dungeon |  19676 |  14298 |   5378 |   3420 |   7420 |  15 | 1311.7 |
        Temple |    116 |    116 |      0 |      0 |    101 |   1 |  116.0 |
          Lair |   8834 |   7129 |   1705 |   2619 |   2727 |   5 | 1766.8 |
        Shoals |   4033 |   3609 |    424 |    597 |   1913 |   4 | 1008.2 |
     Snake Pit |   6289 |   5539 |    750 |   1928 |   1885 |   4 | 1572.2 |
  Orcish Mines |   2010 |   1908 |    102 |    450 |   1000 |   2 | 1005.0 |
        Vaults |   9011 |   7988 |   1023 |   1629 |   4120 |   5 | 1802.2 |
        Depths |   5538 |   4465 |   1073 |    715 |   2423 |   4 | 1384.5 |
           Zot |   6460 |   5843 |    617 |   2235 |   1870 |   5 | 1292.0 |
         Abyss |   2527 |   2527 |      0 |    116 |    557 |   6 |  421.2 |
      Ice Cave |    525 |    525 |      0 |    232 |     11 |   1 |  525.0 |
               +--------+--------+--------+--------+--------+-----+--------+

Top non-repeatable levels by time:
Vaults:1: 2636 daAuts
 Snake:2: 2502 daAuts
     D:7: 2363 daAuts
  Lair:5: 2333 daAuts
  Lair:1: 2146 daAuts
    D:11: 1806 daAuts
  Lair:2: 1787 daAuts
Vaults:5: 1756 daAuts
 Snake:4: 1719 daAuts
Vaults:3: 1693 daAuts
   Zot:5: 1646 daAuts
   Zot:1: 1626 daAuts
 Abyss:2: 1590 daAuts
Depths:3: 1547 daAuts
Depths:2: 1544 daAuts
